 Dungeon Crawl Stone Soup version 0.27.1-34-g3ba077fa99 (webtiles) character file.

Game seed: 6598084325296587922

2 hawla the Conjurer (level 1, 0/14 HPs)
             Began as a Draconian Conjurer on Jan 18, 2022.
             Slain by a quokka (4 damage)
             ... on level 1 of the Dungeon.
             The game lasted 00:01:10 (172 turns).

hawla the Conjurer (Draconian Conjurer)              Turns: 172, Time: 00:01:11

Health: 0/14       AC:  4    Str:  9    XL:     1   Next: 33%
Magic:  1/3        EV: 12    Int: 18    God:
Gold:   0          SH:  0    Dex:  9    Spells: 3/4 levels left

rFire    . . .     SeeInvis .   (no weapon)
rCold    . . .     Faith    .   (no shield)
rNeg     . . .     Spirit   .   (armour unavailable)
rPois    .         Reflect  .   (helmet restricted)
rElec    .         Harm     .   (no cloak)
rCorr    .         Rampage  .   (no gloves)
Will     .....                  (no boots)
Stlth    ++........             (no amulet)
HPRegen  0.04/turn              (no ring)
MPRegen  0.08/turn              (no ring)

@: no status effects
A: AC +4, unfitting armour, cold-blooded
a: no special abilities


You were on level 1 of the Dungeon.
You visited 1 branch of the dungeon, and saw 1 of its levels.

Inventory:

Missiles
 a - 8 boomerangs
Scrolls
 b - a scroll of holy word {unknown}


   Skills:
 + Level 0.1 Fighting
 + Level 1.8 Dodging
 + Level 1.8 Stealth
 + Level 2.0 Spellcasting
 - Level 4.0 Conjurations
 + Level 0.1 Translocations


You had 3 spell levels left.
You knew the following spells:

 Your Spells              Type           Power      Damage    Failure   Level
a - Magic Dart            Conj           64%        1d6       3%          1

Your spell library contained the following spells:

 Spells                   Type           Power      Damage    Failure   Level
 Searing Ray              Conj           32%        3d4       5%          2
 Dazzling Flash           Conj/Hex       18%        N/A       24%         3
 Iskenderun's Mystic Bla  Conj/Tloc      9%         2d4       58%         4
 Fulminant Prism          Conj/Hex       4%         3d6       61%         4


Dungeon Overview and Level Annotations

Branches:
Dungeon (1/15)

Altars:

Shops:
D:1 *

Annotations:
D:1 dig the orcs


Innate Abilities, Weirdness & Mutations

Your plain brown scales are hard. (AC +4)
You cannot fit into any form of body armour.
You are cold-blooded and may be slowed by cold attacks.


Message History

Press: ? - help, Shift-Dir - straight line, f/p - quokka
Aim: a quokka (almost dead, 100% to hit)
You miscast Magic Dart.
You are very lightly contaminated with residual magic.
Nothing appears to happen.
The quokka closely misses you.
You closely miss the quokka.
The quokka is almost dead.
The quokka bites you.
You hit the quokka but do no damage.
The quokka is almost dead.
The quokka barely misses you.
The quokka bites you but does no damage.
There is an open door here.
The bat hits you but does no damage. The bat misses you.
The quokka barely misses you.
Your magical contamination has completely faded away.
A rat comes into view.
The bat hits you but does no damage. The bat barely misses you.
The bat barely misses you. The rat bites you.
The bat hits you but does no damage. The rat bites you.
Found Radgh's General Store.
The bat hits you. The bat barely misses you. The quokka closely misses you.
The bat barely misses you. The bat hits you but does no damage.
The bat hits you but does no damage. The bat hits you. The quokka bites you.
* * * LOW HITPOINT WARNING * * *
Casting: Magic Dart (safe; 3% risk of failure)
Confirm with . or Enter, or press ? or * to list all spells.
Aiming: Magic Dart (safe; 3% risk of failure)
Press: ? - help, Shift-Dir - straight line, f/p - quokka
Aim: a quokka (moderately wounded, 100% to hit)
The magic dart hits the quokka.
The quokka is almost dead.
The bat closely misses you. The bat hits you but does no damage.
The quokka bites you.
You die...

.....##..###..8.###.8..###
.....##..#≈.............≈#
.....##..#≈.............≈#
.....##..#≈≈...........≈≈#
.....##..#≈≈≈≈...)...≈≈≈≈#
...#....b#≈≈≈≈≈≈≈.≈≈≈≈≈≈≈#
.#...#...#≈≈≈≈≈≈≈<≈≈≈≈≈≈≈#
.#.∩.#...#################
.....#.......r.r@........
####...........b....)...)
###........######.....
########## #####


You could see a quokka, a bat and a rat.

Vanquished Creatures
  An endoplasm (D:1)
  A ball python (D:1)
  A rat (D:1)
3 creatures vanquished.

Notes
Turn   | Place    | Note
-------+----------+-------------------------------------------
     0 | D:1      | hawla the Draconian Conjurer began the quest for the Orb.
     0 | D:1      | Reached XP level 1. HP: 14/14 MP: 3/3
   160 | D:1      | Found Radgh's General Store.
   172 | D:1      | Slain by a quokka

Illustrated notes

Levels and vault maps discovered:
D:1:      lordsloth_arrival_two_stooges, layout_basic, serial_shops,
          nicolae_shop_stone, nicolae_square_shop, shop, nicolae_shop_stone,
          shop

Action                   || total
-------------------------++-------
Melee: Unarmed           ||     3
 Cast: Magic Dart        ||     9
Armor: Skin              ||     8
Dodge: Dodged            ||    11
